 Dungeon Crawl Stone Soup version 0.31-a0-848-gaac375c287 (webtiles) character file.

Game seed: 4896973864651081673

1119 Klosterheim the Ruffian (level 8, 0/60 HPs)
             Began as a Gnoll Shapeshifter on Oct 4, 2023.
             Slain by a gnoll
             ... wielding a +0 halberd
             ... led by a gnoll bouda
              (6 damage)
             ... on level 6 of the Dungeon.
             The game lasted 00:09:44 (4314 turns).

Klosterheim the Ruffian (Gnoll Shapeshifter)        Turns: 4314, Time: 00:09:45

Health: 0/60       AC:  6    Str: 16    XL:     8   Next: 34%
Magic:  12/12      EV: 12    Int: 10    God:
Gold:   269        SH:  0    Dex: 11    Spells: 13/13 levels left

rFire   . .          .
                       - Unarmed
rCold   . . .        (shield currently unavailable)
rNeg    . . .        m - +0 ring mail
rPois   .            n - +0 helmet
rElec   .            (no cloak)
rCorr   .            (no gloves)
SInv    +            (no boots)
Will    .....        (no amulet)
Stlth   +            r - ring of see invisible
HPRegen 0.30/turn    (no ring)
MPRegen 0.13/turn

%: no passive effects
@: flux-form, glowing
A: glow, contaminating, fangs 1, strong nose, distributed training
a: Begin Untransformation


You were on level 6 of the Dungeon.
You were something dangerously unstable.
You visited 1 branch of the dungeon, and saw 6 of its levels.

You collected 269 gold pieces.

Inventory:

Armour
 a - a +0 animal skin
 m - a +0 ring mail (worn)
 n - a +0 helmet (worn)
Magical Staves
 j - a staff of earth
 v - a staff of fire
Jewellery
 g - an amulet of faith
 r - a ring of see invisible (left hand)
Talismans
 c - a beast talisman
 d - a flux talisman (active)
Wands
 b - a wand of paralysis (3)
Scrolls
 f - a scroll of poison {unknown}
 i - a scroll of revelation {unknown}
 k - 2 scrolls of amnesia {unknown}
 o - 5 scrolls of identify {unknown}
 p - a scroll of summoning {unknown}
 q - 3 scrolls of teleportation {unknown}
 s - a scroll of silence {unknown}
 t - 2 scrolls of vulnerability {unknown}
 u - a scroll of enchant weapon {unknown}
 x - a scroll of immolation {unknown}
 y - a scroll of noise {unknown}
Potions
 e - 2 potions of might {unknown}
 h - a potion of curing {unknown}
 l - a potion of degeneration {unknown}
 w - a potion of haste {unknown}
 z - a potion of cancellation {unknown}
 A - a potion of lignification
 B - a potion of enlightenment {unknown}


   Skills:
 + Level 4.2 Fighting
 + Level 3.2 Short Blades
 + Level 3.2 Long Blades
 + Level 3.2 Axes
 + Level 3.2 Maces & Flails
 + Level 3.2 Polearms
 + Level 3.2 Staves
 + Level 3.2 Ranged Weapons
 + Level 3.2 Throwing
 + Level 3.2 Armour
 + Level 5.6 Dodging
 + Level 3.2 Stealth
 + Level 3.2 Shields
 + Level 7.3 Unarmed Combat
 + Level 3.2 Spellcasting
 + Level 2.6 Conjurations
 + Level 2.6 Hexes
 + Level 2.6 Summonings
 + Level 2.6 Necromancy
 + Level 2.6 Translocations
 + Level 2.6 Transmutations
 + Level 2.6 Fire Magic
 + Level 2.6 Ice Magic
 + Level 2.6 Air Magic
 + Level 2.6 Earth Magic
 + Level 2.6 Poison Magic
 + Level 3.5 Invocations
 + Level 3.2 Evocations
 + Level 7.2 Shapeshifting


You had 13 spell levels left.
You didn't know any spells.
Your spell library contained the following spells:

 Spells                   Type           Power      Damage    Failure   Level
 Cigotuvi's Dreadful Rot  Necr/Pois/Air  12%        N/A       26%         2
 Sublimation of Blood     Necr           6%         N/A       26%         2
 Wereblood                Tmut           6%         N/A       26%         2
 Ignite Poison            Fire/Tmut/Pois 6%         N/A       45%         3
 Freezing Cloud           Conj/Ice/Air   3%         6-21      99%         5
 Summon Hydra             Summ           3%         N/A       100%        7


Dungeon Overview and Level Annotations

Branches:
Dungeon (6/15)
 Temple: D:4-7

Altars:


Innate Abilities, Weirdness & Mutations

You are something dangerously unstable.
You glow with magical radiation, making you easy to see and hit.
Foes you strike become dangerously contaminated with magical radiation.
You are incapable of wielding weapons or throwing items.
You have very sharp teeth.
Your uncanny sense of smell can sniff out nearby items.
Your experience applies equally to all skills.


Message History

You are too injured to fight recklessly!
You are too injured to fight recklessly!
You are too injured to fight recklessly!
You are too injured to fight recklessly!
You are too injured to fight recklessly!
You are too injured to fight recklessly!
You are too injured to fight recklessly!
You are too injured to fight recklessly!
You are too injured to fight recklessly!
You are too injured to fight recklessly!
Unknown command.
Your attacks no longer feel as feeble.
The gnoll attacks as it pursues you! The gnoll misses you.
The gnoll attacks as it pursues you!
The gnoll hits you from afar with a +0 halberd!
* * * LOW HITPOINT WARNING * * *
The gnoll closely misses you.
There is a stone staircase leading up, spattered with blood here.
You hit the gnoll bouda but do no damage.
The gnoll bouda glows dangerously bright.
The gnoll bouda is lightly wounded.
The gnoll hits you with a +0 whip.
* * * LOW HITPOINT WARNING * * *
You hit the gnoll bouda.
The gnoll bouda shudders as magic cascades through it!!
You kill the gnoll bouda!
The gnoll hits you from afar with a +0 halberd.
* * * LOW HITPOINT WARNING * * *
The gnoll barely misses you.
You barely miss the gnoll. The gnoll hits you but does no damage.
The gnoll completely misses you. The gnoll barely misses you.
You hit the gnoll but do no damage.
The gnoll begins to glow.
You bite the gnoll, but do no damage.
The gnoll hits you but does no damage. x2
The gnoll completely misses you.
You hit the gnoll.
The gnoll glows dangerously bright.
The gnoll is lightly wounded.
The gnoll hits you with a +0 club.
* * * LOW HITPOINT WARNING * * *
The gnoll hits you from afar with a +0 halberd.
You die...

# #. #.####
#..gp#
#.)g##
#..gg.(....
#..........
#...#.###..
#...#.#
#.#....
#.### #. ..
..


You could see 3 gnolls.

Vanquished Creatures
  The ghost of WhatIsLove the Magician, an amateur DjFE (D:3)
  Sigmund (D:4)
  Menkaure (D:4)
  3 phantoms
  A kobold brigand (D:3)
  A scorpion (D:4)
  A gnoll bouda (D:6)
  A sleepcap (D:6)
  2 iguanas (D:4)
  Natasha (D:4)
  An orc wizard (D:4)
  Robin (D:3)
  A gnoll (D:6)
  5 adders
  An ufetubus (D:5)
  2 worms
  10 orcs
  6 ball pythons
  9 endoplasms
  4 giant cockroaches
  8 goblins
  12 hobgoblins
  9 jackals
  14 kobolds
  2 quokkas
  3 bats
  4 frilled lizards
  5 rats
110 creatures vanquished.

Notes
Turn   | Place    | Note
-------+----------+-------------------------------------------
     0 | D:1      | Klosterheim the Gnoll Shapeshifter began the quest for the
                  | Orb.
     0 | D:1      | Reached XP level 1. HP: 17/17 MP: 1/1
    86 | D:1      | Found a faded altar of an unknown god.
   202 | D:1      | Reached XP level 2. HP: 19/23 MP: 2/2
   660 | D:1      | Reached XP level 3. HP: 26/28 MP: 3/3
  1335 | D:2      | Reached skill level 1 in Invocations
  1366 | D:2      | Reached skill level 1 in Short Blades
  1366 | D:2      | Reached skill level 1 in Long Blades
  1366 | D:2      | Reached skill level 1 in Axes
  1366 | D:2      | Reached skill level 1 in Maces & Flails
  1366 | D:2      | Reached skill level 1 in Polearms
  1366 | D:2      | Reached skill level 1 in Staves
  1366 | D:2      | Reached skill level 1 in Ranged Weapons
  1366 | D:2      | Reached skill level 1 in Throwing
  1366 | D:2      | Reached skill level 1 in Armour
  1366 | D:2      | Reached skill level 1 in Stealth
  1366 | D:2      | Reached skill level 1 in Shields
  1366 | D:2      | Reached skill level 1 in Spellcasting
  1366 | D:2      | Reached skill level 1 in Evocations
  1992 | D:3      | Reached XP level 4. HP: 32/34 MP: 5/5
  2185 | D:3      | Reached skill level 1 in Conjurations
  2185 | D:3      | Reached skill level 1 in Hexes
  2185 | D:3      | Reached skill level 1 in Summonings
  2185 | D:3      | Reached skill level 1 in Necromancy
  2185 | D:3      | Reached skill level 1 in Translocations
  2185 | D:3      | Reached skill level 1 in Transmutations
  2185 | D:3      | Reached skill level 1 in Fire Magic
  2185 | D:3      | Reached skill level 1 in Ice Magic
  2185 | D:3      | Reached skill level 1 in Air Magic
  2185 | D:3      | Reached skill level 1 in Earth Magic
  2185 | D:3      | Reached skill level 1 in Poison Magic
  2211 | D:3      | Noticed Robin
  2323 | D:3      | Found a runed translucent gate.
  2324 | D:3      | Found a runed translucent gate.
  2327 | D:3      | Found a runed translucent gate.
  2327 | D:3      | Noticed WhatIsLove's ghost (amateur DjFE)
  2328 | D:3      | Noticed a kobold brigand
  2429 | D:3      | Killed Robin
  2649 | D:3      | Reached XP level 5. HP: 38/40 MP: 5/7
  2760 | D:3      | Killed a kobold brigand
  2761 | D:3      | Paralysed by a kobold for 5 turns
  2789 | D:3      | Killed WhatIsLove's ghost
  2790 | D:3      | Reached skill level 5 in Dodging
  2790 | D:3      | Reached XP level 6. HP: 30/47 MP: 7/9
  3206 | D:4      | Noticed Natasha
  3216 | D:4      | Killed Natasha
  3217 | D:4      | Reached XP level 7. HP: 27/52 MP: 10/10
  3606 | D:4      | Noticed Menkaure
  3614 | D:4      | Killed Menkaure
  3942 | D:4      | Noticed Sigmund
  3950 | D:4      | Killed Sigmund
  3951 | D:4      | Reached XP level 8. HP: 60/60 MP: 12/12
  4120 | D:5      | Entered Level 5 of the Dungeon
  4237 | D:5      | Identified the +10 dagger of Aluekh {elec, rC+ Will++
                  | Dex+2}
  4314 | D:6      | Slain by a gnoll

Illustrated notes

Levels and vault maps discovered:
D:1:      dpeg_arrival_round_b, layout_loops_cross, shapermc_ecumenical_altar_gd
D:2:      layout_loops_ring, chequers_arboretum, nicolae_houndstooth_variations
D:3:      layout_basic, gammafunk_ghost_nasty_kobolds, grunt_ministairs_9,
          uniq_robin
D:4:      layout_gridville, kennysheep_generic_room_14, uniq_natasha,
          uniq_menkaure, uniq_sigmund
D:5:      layout_gridville, fiery_altar_vehumet, lemuel_coloured_pillars_altar
D:6:      layout_basic, temple_green, minivault_4, uniq_prince_ribbit1

Skill      XL: |  1  2  3  4  5  6  7 |
---------------+----------------------+-----
Invocations    | 1 2 3 |  3.5
Short Blades   | 1 2 3 |  3.2
Long Blades    | 1 2 3 |  3.2
Axes           | 1 2 3 |  3.2
Maces & Flails | 1 2 3 |  3.2
Polearms       | 1 2 3 |  3.2
Staves         | 1 2 3 |  3.2
Ranged Weapons | 1 2 3 |  3.2
Throwing       | 1 2 3 |  3.2
Armour         | 1 2 3 |  3.2
Stealth        | 1 2 3 |  3.2
Shields        | 1 2 3 |  3.2
Spellcasting   | 1 2 3 |  3.2
Evocations     | 1 2 3 |  3.2
Conjurations   | 1 2 |  2.6
Hexes          | 1 2 |  2.6
Summonings     | 1 2 |  2.6
Necromancy     | 1 2 |  2.6
Translocations | 1 2 |  2.6
Transmutations | 1 2 |  2.6
Fire Magic     | 1 2 |  2.6
Ice Magic      | 1 2 |  2.6
Air Magic      | 1 2 |  2.6
Earth Magic    | 1 2 |  2.6
Poison Magic   | 1 2 |  2.6
Fighting       | 3 4 |  4.2
Dodging        | 5 |  5.6
Unarmed Combat | 7 |  7.3
Shapeshifting  | 7 |  7.2

Action                     |  1- 3 |  4- 6 |  7- 9 || total
---------------------------+-------+-------+-------++-------
  Melee: Unarmed           |   115 |   150 |    74 ||   339
         Bite              |    13 |     5 |    10 ||    28
         Punch             |     4 |     1 |       ||     5
  Evoke: Wand              |       |       |     4 ||     4
    Use: Potion            |       |     1 |       ||     1
   Stab: Paralysed         |       |       |     6 ||     6
 Armour: Animal skin       |    42 |       |       ||    42
         Ring mail         |    11 |    90 |    49 ||   150
         Skin              |       |    13 |       ||    13
  Dodge: Dodged            |    75 |    83 |    43 ||   201
   Form: Flux              |     1 |       |       ||     1

Table legend: (Time is in decaauts)
 A = Elapsed time spent in this place.
 B = Non-inter-level travel time spent in this place.
 C = Inter-level travel time spent in this place.
 D = Time resting spent in this place.
 E = Time spent auto-exploring this place.
 F = Levels seen in this place.
 G = Mean time per level.
                   A        B        C        D        E       F      G
               +--------+--------+--------+--------+--------+-----+--------+
         Total |   4270 |   3927 |    343 |     84 |   3126 |   6 |  711.7 |
       Dungeon |   4270 |   3927 |    343 |     84 |   3126 |   6 |  711.7 |
               +--------+--------+--------+--------+--------+-----+--------+

Top non-repeatable levels by time:
     D:4: 1173 daAuts
     D:1: 1073 daAuts
     D:3: 935 daAuts
     D:2: 898 daAuts
     D:5: 176 daAuts
     D:6: 12 daAuts
